 Dungeon Crawl Stone Soup version 0.17-a0-1951-g62301d3 (webtiles) character file.

151 shakdrar the Shield-Bearer (level 5, -2/42 HPs)
             Began as a Formicid Fighter on Oct 2, 2015.
             Killed from afar by Terence (9 damage)
             ... with a wand of magic darts
             ... on level 3 of the Dungeon.
             The game lasted 00:09:06 (2252 turns).

shakdrar the Shield-Bearer (Formicid Fighter)       Turns: 2252, Time: 00:09:07

Health: -2/42      AC:  7    Str: 22    XL:     5   Next: 60%
Magic:  5/5        EV:  8    Int:  7    God:
Gold:   82         SH: 10    Dex: 10    Spells: 0 memorised, 4 levels left

rFire  . . .     SeeInvis +     a - +0 flail
rCold  . . .     Clarity  .     b - +0 scale mail
rNeg   . . .     SustAt   .     c - +0 shield
rPois  .         Gourm    .     (helmet unavailable)
rElec  .         Spirit   .     (no cloak)
rCorr  .         Warding  .     (no gloves)
rMut   .         Stasis   +     (no boots)
MR     .....                    (no amulet)
Stlth  ..........               (no ring)
                                (no ring)

@: not resistant to hostile enchantments, extremely unstealthy
A: permanent stasis, dig shafts and tunnels, four strong arms, antennae 3
a: Dig, Shaft Self


You were on level 3 of the Dungeon.
You were not hungry.

You visited 1 branch of the dungeon, and saw 3 of its levels.

You collected 82 gold pieces.

Inventory:

Hand weapons
 a - a +0 flail (weapon)
Missiles
 g - 12 poisoned needles
Armour
 b - a +0 scale mail (worn)
 c - a +0 shield (worn)
Scrolls
 f - a scroll of random uselessness {unknown}
 h - a scroll of enchant armour {unknown}
 i - 2 scrolls of identify {unknown}
 j - 2 scrolls of enchant weapon {unknown}
 k - a scroll of blinking {unknown}
 m - a scroll of recharging {unknown}
 p - a scroll of fear {unknown}
Potions
 l - 2 potions of haste
 s - a potion of cancellation {unknown}
Comestibles
 e - a bread ration
 o - a meat ration
 r - a royal jelly


   Skills:
 + Level 4.1 Fighting
 * Level 3.6 Maces & Flails
 + Level 4.0 Armour
 + Level 4.6 Shields


You had 4 spell levels left.
You didn't know any spells.

Dungeon Overview and Level Annotations

Branches:
Dungeon (3/15)

Altars:
Gozag
Ru
Zin

Annotations:
D:3 Crazy Yiuf, Terence


Innate Abilities, Weirdness & Mutations

You are under a permanent stasis effect.
You can dig through walls and to a lower floor.
Your four strong arms can wield two-handed weapons with a shield.
You have a pair of large antennae on your head (SInv).


Message History

It was a potion of haste.
This potion cannot work under stasis.
Drink which item? (? for menu, Esc to quit)
It was a potion of curing.
You feel better.
You hit Terence.
Terence is severely wounded.
Terence zaps a wand.
The magic dart hits you!
* * * LOW HITPOINT WARNING * * *
You block Terence's attack.
Drink which item? (? for menu, Esc to quit)
It was a potion of ambrosia.
You are confused.
You feel invigorated.
Terence zaps a wand.
The magic dart hits you!
* * * LOW HITPOINT WARNING * * *
You feel less invigorated.
You feel less confused.
Terence zaps a wand.
The magic dart hits you!
* * * LOW HITPOINT WARNING * * *
Terence zaps a wand.
The magic dart hits you!
You die...

#.. #.# #.#
#.####### #.#
#@#P....b #.###
#.# #...## #.#
######....##
#.####..........#
#.@....>........#
######..........#
#..........#
#....<รท....##
##............
##...........#
#..#########..
#..# . #..#


You could see Terence.

Vanquished Creatures
  A scorpion (D:3)
  Ijyb (D:2)
  An adder (D:2)
  A gnoll (D:1)
  5 bats
  2 giant cockroaches (D:1)
  9 goblins
  6 hobgoblins
  2 jackals (D:3)
  12 kobolds
  A ball python (D:2)
  2 giant geckos (D:2)
  10 giant newts
  9 rats
62 creatures vanquished.

Notes
Turn   | Place    | Note
--------------------------------------------------------------
     0 | D:1      | shakdrar the Formicid Fighter began the quest for the Orb.
     0 | D:1      | Reached XP level 1. HP: 18/18 MP: 1/1
   222 | D:1      | Reached XP level 2. HP: 22/24 MP: 2/2
   650 | D:1      | Reached XP level 3. HP: 29/29 MP: 3/3
  1167 | D:2      | Reached skill level 4 in Shields
  1241 | D:2      | Reached XP level 4. HP: 37/37 MP: 4/4
  1297 | D:2      | Found a sacrificial altar of Ru.
  1359 | D:2      | Noticed Ijyb
  1372 | D:2      | Killed Ijyb
  1794 | D:3      | Reached XP level 5. HP: 21/42 MP: 5/5
  2024 | D:3      | Found a glowing silver altar of Zin.
  2025 | D:3      | Found an opulent altar of Gozag.
  2060 | D:3      | Noticed Crazy Yiuf
  2232 | D:3      | Noticed Terence
  2246 | D:3      | HP: 2/42 [Terence/flail (2)]
  2252 | D:3      | Killed from afar by Terence

Vault maps used:
D:1:      minmay_arrival_up_and_down, grunt_decor_cap
D:2:      nicolae_ru_the_path_less_chosen, minmay_newt_pond, uniq_iyjb
D:3:      grunt_temple_overflow_gold_and_silver, serial_aquarium,
          aquarium_bridge_square, aquarium_window_1, aquarium_window_fake,
          aquarium_view_2g, aquarium_pool_corner, kennysheep_small_spiral,
          uniq_crazy_yiuf_cottage, uniq_terence

Action                   |  1- 3 |  4- 6 || total
-------------------------+-------+-------++-------
Melee: Flail             |   121 |    94 ||   215
 Abil: Dig               |     6 |     2 ||     8
  Use: Potion            |     1 |     2 ||     3
  Eat: Chunk             |     2 |     4 ||     6
